 Dungeon Crawl Stone Soup version 0.23.1 (webtiles) character file.

Game seed: 12414136732393057428

434 night the Insei (level 6, -1/41 HPs)
             Began as a Demonspawn Fire Elementalist on Mar 19, 2019.
             Slain by an iron imp (9 damage)
             ... summoned by Eustachio
             ... on level 4 of the Dungeon.
             The game lasted 00:13:23 (4318 turns).

night the Insei (Demonspawn Fire Elementalist)      Turns: 4318, Time: 00:13:24

Health: -1/41      AC:  9    Str: 13      XL:     6   Next: 67%
Magic:  7/9        EV: 10    Int: 19      God:
Gold:   159        SH:  3    Dex: 14 (15) Spells: 8/9 levels left

rFire    + + .     SeeInvis .     - Unarmed
rCold    + . .     Gourm    .   h - +0 buckler
rNeg     . . .     Faith    .   m - +0 ring mail (curse)
rPois    .         Spirit   .   (helmet restricted)
rElec    .         Reflect  .   k - scarf {rC+ rF+}
rCorr    .         Harm     .   j - +0 pair of gloves
MR       .....                  o - +0 pair of boots
Stlth    +.........             (no amulet)
HPRegen  0.13/turn              e - +3 ring of strength
MPRegen  0.11/turn              (no ring)

@: lethally poisoned (-1 -> -19), very slightly contaminated
A: antennae 1, slimy green scales 1, agile 1, blurry vision 1, fire resistance
1, strong 1
a: no special abilities


You were on level 4 of the Dungeon.
You were not hungry.

You visited 1 branch of the dungeon, and saw 4 of its levels.

You collected 159 gold pieces.

Inventory:

Missiles
 d - 29 stones (quivered)
 q - 21 sling bullets
 t - 39 arrows
Armour
 h - a +0 buckler (worn)
 j - a +0 pair of gloves (worn)
 k - a scarf of resistance (worn)
 m - a cursed +0 ring mail (worn)
 o - a +0 pair of boots (worn)
 p - a +0 plate armour
Jewellery
 e - a +3 ring of strength (left hand)
 i - an uncursed ring of ice
Scrolls
 b - 2 scrolls of amnesia
 g - 2 scrolls of immolation
 l - 2 scrolls of teleportation
 r - a scroll of enchant weapon {unknown}
Potions
 f - a potion of degeneration {unknown}
Comestibles
 a - a chunk of flesh
 c - 4 rations


   Skills:
 - Level 1.7 Dodging
 - Level 1.7 Stealth
 * Level 6.0 Unarmed Combat
 - Level 2.0 Spellcasting
 - Level 1.0 Conjurations
 - Level 3.1 Fire Magic


You had 8 spell levels left.
You knew the following spells:

 Your Spells              Type           Power        Failure   Level  Hunger
a - Flame Tongue          Conj/Fire      #....        26%         1    #......

Your spell library contained the following spells:

 Spells                   Type           Power        Failure   Level  Hunger
 Throw Flame              Conj/Fire      #.....       38%         2    ###....
 Conjure Flame            Conj/Fire      #.......     63%         3    ###....
 Inner Flame              Hex/Fire       #.......     69%         3    ###....
 Sticky Flame             Conj/Fire      #.......     95%         4    #####..
 Fireball                 Conj/Fire      #.........   100%        5    ######.


Dungeon Overview and Level Annotations

Branches:
Dungeon (4/15)
 Temple: D:4-7

Altars:

Annotations:
D:4 1 runed translucent door, Crazy Yiuf, Eustachio


Innate Abilities, Weirdness & Mutations

You have a pair of small antennae on your head.
You are partially covered in slimy green scales. (AC +2)
You are agile. (Dex +2)
Scrolls take you a little longer to read.
Your flesh is heat resistant. (rF+)
Your muscles are strong. (Str +2)


Message History

Eustachio screams, "At last I'll have my revenge!"
Eustachio gestures wildly while chanting.
The quokka bites you but does no damage.
The quasit misses you. The quasit claws you.
* * * LOW HITPOINT WARNING * * *
You feel clumsy.
The quasit claws you but does no damage.
The iron imp barely misses you.
The adder skeleton bites you but does no damage.
You hit Eustachio.
Eustachio is almost dead.
You feel sick.
The quokka bites you but does no damage.
The quasit bites you but does no damage.
The quasit closely misses you. The quasit completely misses you.
Eustachio hits you with a +2 rapier of venom.
* * * LOW HITPOINT WARNING * * *
You are lethally poisoned!
The adder skeleton closely misses you. The iron imp hits you!
You die...

***+****
#...'......####....
######+#####**#####......#
#.... ..$.........,*
#......# #....
..........,,,* #......#
##...
.........,,,,*#####......#
##.#
.......#******#...÷.....##
##. .......# #.........#
#.#
.....÷.#******#..5......#
##.#
.....<.#,,,,,,+5@Z......#
#.##
.......#,*****#.@r5.....#
*#+#* .......#,*
#.........# *...*
.......#,** #.........#
#...# .......#,,*
#.........# #)..#
.......#*,****#(...<...[#
#####
........,,,,,......#+####
......###,**#.......,* ***
......# *,,..........*****
*,***


You could see Eustachio, an iron imp, a quasit, a shadow imp, a quokka and an
adder skeleton.

Vanquished Creatures
  A phantom (D:4)
  An orc priest (D:3)
  A hound (D:4)
  An orc wizard (D:3)
  2 iguanas (D:4)
  3 worker ants
  A hound skeleton (D:3)
  3 adders
  2 oozes
  An adder zombie (D:3)
  3 worms (D:2)
  A dart slug (D:3)
  A leopard gecko (D:2)
  4 orcs (D:3)
  A ball python (D:2)
  8 goblins
  4 hobgoblins
  9 jackals
  2 quokkas
  6 bats
  7 frilled lizards
  A jackal skeleton (D:3)
  12 kobolds
  2 quokka skeletons
  A quokka zombie (D:3)
  11 rats
89 creatures vanquished.

Vanquished Creatures (others)
  A withered plant (D:3)
1 creature vanquished.

Grand Total: 90 creatures vanquished

Notes
Turn   | Place    | Note
-------+----------+-------------------------------------------
     0 | D:1      | night the Demonspawn Fire Elementalist began the quest for
                  | the Orb.
     0 | D:1      | Reached XP level 1. HP: 13/13 MP: 3/3
   107 | D:1      | Reached skill level 1 in Unarmed Combat
   289 | D:1      | Gained mutation: You are partially covered in slimy green
                  | scales. (AC +2) [demonic ancestry]
   289 | D:1      | Reached XP level 2. HP: 19/19 MP: 1/5
   499 | D:1      | Reached skill level 2 in Unarmed Combat
  1099 | D:2      | Reached XP level 3. HP: 24/24 MP: 4/6
  1316 | D:2      | Reached skill level 3 in Unarmed Combat
  1825 | D:2      | Gained mutation: You have a pair of small antennae on your
                  | head. [demonic ancestry]
  1825 | D:2      | Reached XP level 4. HP: 30/30 MP: 0/7
  2963 | D:3      | Reached skill level 4 in Unarmed Combat
  2963 | D:3      | Reached XP level 5. HP: 15/35 MP: 4/8
  3649 | D:4      | Found a runed translucent door.
  3650 | D:4      | Noticed Crazy Yiuf
  3671 | D:4      | Reached skill level 5 in Unarmed Combat
  3809 | D:4      | Noticed a phantom
  3831 | D:4      | Reached XP level 6. HP: 30/41 MP: 9/9
  3873 | D:4      | Gained mutation: Scrolls take you a little longer to read.
                  | [potion of mutation]
  3873 | D:4      | Gained mutation: You are agile. (Dex +2) [potion of
                  | mutation]
  3873 | D:4      | Gained mutation: Your flesh is heat resistant. (rF+)
                  | [potion of mutation]
  3873 | D:4      | Gained mutation: Your muscles are strong. (Str +2) [potion
                  | of mutation]
  3874 | D:4      | HP: 3/61 [worker ant (3)]
  4163 | D:4      | Reached skill level 6 in Unarmed Combat
  4296 | D:4      | Noticed Eustachio
  4318 | D:4      | Slain by an iron imp

Skill      XL: |  1  2  3  4  5  6 |
---------------+-------------------+-----
Unarmed Combat | 1 2 3 4 5 6 |  6.0
Fire Magic     | 3 |  3.1
Dodging        | |  1.7
Stealth        | |  1.7
Spellcasting   | |  2.0
Conjurations   | |  1.0

Action                   |  1- 3 |  4- 6 || total
-------------------------+-------+-------++-------
Melee: Unarmed           |    30 |   204 ||   234
 Cast: Flame Tongue      |    65 |    48 ||   113
  Use: Scroll            |       |     7 ||     7
       Potion            |       |     3 ||     3
 Stab: Sleeping          |       |     1 ||     1
  Eat: Chunk             |     4 |     9 ||    13
Armor: Robe              |    23 |       ||    23
       Ring mail         |     6 |   109 ||   115
       Skin              |       |     3 ||     3
Dodge: Dodged            |    40 |    95 ||   135
Block: Buckler           |     1 |    33 ||    34
